 Dungeon Crawl Stone Soup version 0.30-a0-1164-ge08a67761e (webtiles) character file.

Game seed: 11868793079961634375

175284 Morbidden the Eclecticist (level 17, -8/96 HPs)
             Began as a Deep Elf Conjurer on Apr 29, 2023.
             Was the Champion of Cheibriados.
             Mangled by a spriggan rider
             ... wielding a +0 spear
              (19 damage)
             ... on level 1 of the Swamp.
             The game lasted 01:07:34 (36854 turns).

Morbidden the Eclecticist (Deep Elf Conjurer)      Turns: 36854, Time: 01:07:34

Health: -8/96      AC: 16    Str: 21    XL:     17   Next: 21%
Magic:  31/49      EV: 32    Int: 47    God:    Cheibriados [******]
Gold:   345        SH: 19    Dex: 28    Spells: 10/50 levels left

rFire   x . .        a - +1 rapier (elec)
rCold   . . .        I - +1 kite shield {reflect}
rNeg    . . .        r - +3 troll leather armour
rPois   +            K - +1 hat
rElec   +            t - +0 cloak
rCorr   .            (no gloves)
SInv    .            G - +2 pair of boots {Fly}
Will    +....        V - amulet "Qedduzurgh" {Reflect rElec rPois rF- Str+2 SH+5}
Stlth   +++          T - ring of magical power
HPRegen 1.16/turn    P - ring of the Hare {EV+10}
MPRegen 0.31/turn

%: reflection
@: flying, studying Summonings, very slow
A: iridescent scales 1, poison resistance
}: 1/15 runes: serpentine
a: Renounce Religion, Bend Time, Temporal Distortion, Slouch, Step From Time


You were on level 1 of the Swamp.
You worshipped Cheibriados.
Cheibriados was exalted by your worship.
You visited 5 branches of the dungeon, and saw 27 of its levels.
You also visited: Bailey.

You collected 3953 gold pieces.
You spent 3608 gold pieces at shops.

Inventory:

Hand Weapons
 a - a +1 rapier of electrocution (weapon)
 b - a +2 scimitar of flaming
 s - a +3 short sword of venom
Missiles
 y - 2 throwing nets
 E - 25 boomerangs
 L - 13 curare-tipped darts
 M - 21 poisoned darts (quivered)
Armour
 c - a +1 plate armour of fire resistance
 k - a +0 tower shield
 r - a +3 troll leather armour (worn)
 t - a +0 cloak (worn)
 F - a +2 ring mail of willpower
 G - a +2 pair of boots of flying (worn)
 I - a +1 kite shield of reflection (worn)
 K - a +1 hat (worn)
Jewellery
 A - a ring of ice
 D - a +6 ring of dexterity
 N - a +4 ring of slaying
 P - the ring of the Hare (right hand) {EV+10}
   (You bought it in a shop on level 1 of the Snake Pit)

   [ring of evasion]

   EV:        It affects your evasion (+10).
 T - a ring of magical power (left hand)
 V - the amulet "Qedduzurgh" (around neck) {Reflect rElec rPois rF- Str+2 SH+5}
   (You found it on level 5 of the Lair of Beasts)

   [amulet of reflection]

   It reflects blocked missile attacks.
   Str:       It affects your strength (+2).
   rF:        It makes you vulnerable to fire.
   rElec:     It insulates you from electricity.
   rPois:     It protects you from poison.
   SH:        It affects your SH (+5).
 W - a ring of fire
 X - an amulet of guardian spirit
 Z - a ring of protection from cold
Wands
 x - a wand of light (12)
 z - a wand of flame (17)
 B - a wand of iceblast (7)
 J - a wand of mindburst (9)
 O - a wand of digging (6)
 Y - a wand of paralysis (13)
Scrolls
 g - 2 scrolls of magic mapping
 h - 16 scrolls of identify
 i - 3 scrolls of blinking
 l - 9 scrolls of teleportation
 o - 5 scrolls of amnesia
 q - 2 scrolls of poison
 H - 7 scrolls of fog
 R - 3 scrolls of enchant weapon
Potions
 d - 7 potions of attraction
 e - 3 potions of resistance
 j - 12 potions of curing
 m - 6 potions of might
 n - 3 potions of lignification
 p - 3 potions of invisibility
 u - 3 potions of heal wounds
 w - 11 potions of flight
 C - 4 potions of mutation
 Q - 5 potions of ambrosia
 S - 2 potions of magic
Miscellaneous
 f - a box of beasts (inert)
 v - a lightning rod (3/4)
 U - a phantom mirror


   Skills:
 * Level 7.4 Fighting
 + Level 7.4(7.5) Short Blades
 + Level 0.9(4.3) Long Blades
 + Level 1.5 Throwing
 * Level 7.8 Armour
 * Level 11.0 Dodging
 + Level 4.5 Stealth
 * Level 6.2 Shields
 * Level 3.5 Unarmed Combat
 * Level 17.2 Spellcasting
 * Level 13.6 Conjurations
 * Level 9.0 Summonings
 + Level 9.4 Translocations
 * Level 9.0 Transmutations
 * Level 5.5 Fire Magic
 + Level 3.8 Air Magic
 * Level 9.6 Invocations
 * Level 7.9 Evocations


You had 10 spell levels left.
You knew the following spells:

 Your Spells              Type           Power      Damage    Failure   Level
a - Airstrike             Air            33%        2d(5-21)  2%          4
b - Searing Ray           Conj           100%       2d8       0%          2
c - Dragon Form           Tmut           45%        N/A       26%         7
d - Ignition              Fire           37%        3d11      100%        8
e - Call Canine Familiar  Summ           90%        N/A       1%          3
f - Plasma Beam           Fire/Air       35%        2x1d53    28%         6
g - Magic Dart            Conj           100%       1d8       0%          1
x - Arcjolt               Conj/Air       44%        1d54      1%          5
z - Iskenderun's Mystic   Conj/Tloc      99%        2d19      1%          4

Your spell library contained the following spells:

 Spells                   Type           Power      Damage    Failure   Level
 Cigotuvi's Dreadful Rot  Necr/Pois/Air  100%       N/A       1%          2
 Ensorcelled Hibernation  Hex/Ice        80%        N/A       1%          2
 Lesser Beckoning         Tloc           100%       N/A       1%          2
 Passwall                 Tmut/Erth      58%        N/A       1%          2
 Static Discharge         Conj/Air       100%       2-7/arc   1%          2
 Dazzling Flash           Conj/Hex       100%       N/A       1%          3
 Gell's Gravitas          Tloc           91%        N/A       1%          3
 Ignite Poison            Fire/Tmut/Pois 72%        N/A       1%          3
 Portal Projectile        Hex/Tloc       100%       N/A       1%          3
 Spider Form              Tmut/Pois      70%        N/A       1%          3
 Swiftness                Air            67%        N/A       1%          3
 Teleport Other           Tloc           91%        N/A       1%          3
 Vhi's Electric Charge    Tloc/Air       100%       N/A       1%          3
 Fulminant Prism          Conj/Hex       40%        3d19      1%          4
 Sticky Flame             Conj/Fire      92%        2d10      1%          4
 Summon Lightning Spire   Summ/Air       79%        N/A       1%          4
 Freezing Cloud           Conj/Ice/Air   38%        6-21      3%          5
 Anguish                  Hex/Necr       20%        N/A       13%         4
 Cause Fear               Hex            20%        N/A       13%         4
 Leda's Liquefaction      Hex/Erth       20%        N/A       13%         4
 Silence                  Hex/Air        27%        N/A       16%         5
 Agony                    Necr           40%        N/A       34%         5
 Enfeeble                 Hex            20%        N/A       100%        7
 Dragon's Call            Summ           45%        N/A       100%        9


Dungeon Overview and Level Annotations

Branches:
Dungeon (15/15)            Temple (0/1) D:7            Lair (5/5) D:9
  Swamp (1/4) Lair:2        Snake (4/4) Lair:3        Slime (0/5) Lair:4
    Orc (2/2) D:10            Elf (0/3) Orc:2        Vaults (0/5) D:13
 Depths (0/4) D:15         Bailey (visited)

Altars:
Ashenzari
Cheibriados
Dithmenos
Elyvilon
Fedhas
Hepliaklqana
Nemelex Xobeh
Qazlal
Ru
Sif Muna
Trog
Uskayaw
Yredelemnul
Jiyva

Shops:
D:10 [(*(   D:12 !   D:15 (   Orc:1 *   Orc:2 (:(   Snake:1 ::=   Snake:2 [

Annotations:
D:3 3 runed translucent doors, void236's ghost, amateur TrMo
D:5 1 runed translucent door, MrZuerg's ghost, novice GrFE
Lair:5 exclusion: obsidian statue
Snake:1 Jorgrun
Snake:3 1 runed translucent door, Xyfof's ghost, adept DsWn


Innate Abilities, Weirdness & Mutations

You are partially covered in iridescent scales. (AC +2)
Your system is resistant to poisons. (rPois)


Message History

The foxfire is struck by an electric surge.
The foxfire is lightly damaged.
The foxfire is struck by an electric surge.
The foxfire is lightly damaged.
The foxfire hits you!! The fire burns you terribly! The foxfire hits you!!
The fire burns you terribly!
* * * LOW HITPOINT WARNING * * *
You block the seven-headed hydra's attack. x2
The seven-headed hydra bites you but does no damage.
The seven-headed hydra completely misses you. x3
The seven-headed hydra bites you.
* * * LOW HITPOINT WARNING * * *
The spriggan rider completely misses you.
Unknown command.
Unknown command.
Unknown command.
Unknown command.
Unknown command.
Unknown command.
Unknown command.
Casting: Arcjolt (dangerous; 1% risk of failure)
Confirm with . or Enter, or press ? or * to list all spells.
You erupt in a blast of force!
The mystic blast hits the spriggan rider!
The spriggan rider is severely wounded.
The spriggan rider is knocked back by the mystic blast.
The spriggan rider collides with the spriggan rider!
The spriggan rider is lightly wounded.
The spriggan rider is almost dead.
The mystic blast hits the seven-headed hydra!!
You kill the seven-headed hydra!
Cheibriados appreciates the change of pace.
The mystic blast hits the will-o-the-wisp!!
The will-o-the-wisp is almost destroyed.
The will-o-the-wisp is knocked back by the mystic blast.
You hear a roar!
The swamp drake breathes poison at you. The noxious blast misses you.
The spriggan rider hits you from afar with a +0 spear!!
You die...

..~..§~~..~~~.~
......~~~.~~~>.
..x......~~~~..
~~~.~~~~.~~~~~.
~~~~..~.~~n~~~.
~~......~÷...~~
~.yi.i○○○§.....
♣.yi○@§○.v.~~
....~~○○§§~.♣♣♣
.§~~~~~.♣♣k.♣
~~§~~~~.. .♣
.~~~~~~~. ..
♣♣.♣♣~~~~~ ..
♣♣ ♣.§~.~ ~
♣...~.§


You could see a bunyip, 3 spriggan riders, a will-o-the-wisp, a bog body, a
swamp drake (catching breath) and 2 vampire mosquitoes.

Vanquished Creatures
  Vashnia (Snake:2)
  Nikola (Snake:3)
  Asterion (Snake:1)
  2 quicksilver dragons (Snake:4)
  Gastronok (D:8)
  Frances (Snake:2)
  Kirke (D:15)
  4 nagarajas
  Aizul (Snake:2)
  An orc warlord (Orc:2)
  Louise (Snake:2)
  A stone giant (D:15)
  2 dire elephants (Lair:5)
  Josephine (D:15)
  Harold (D:10)
  3 salamander tyrants
  An ogre mage (D:15)
  8 hydras
  6 anacondas
  7 centaur warriors
  A catoblepas (Lair:5)
  10 two-headed ogres
  2 alligators (Swamp:1)
  5 death yaks (Lair:4)
  5 boulder beetles
  2 tengu warriors (D:15)
  17 naga sharpshooters
  12 naga warriors
  7 shock serpents
  An orc high priest (Orc:1)
  Urug (Orc:2)
  A skeletal warrior (D:13)
  4 salamander mystics
  A skyshark (Lair:3)
  A spectral anaconda (Lair:5)
  2 bog bodies (Lair:2)
  A deep elf archer (D:13)
  2 wizards
  4 orc knights
  7 naga ritualists
  2 orc sorcerers (Orc:2)
  2 deep elf pyromancers
  4 necromancers (Lair:5)
  A deep elf zephyrmancer (D:13)
  4 mana vipers
  5 cyclopes
  An ugly thing (D:13)
  8 salamanders
  3 manticores
  Joseph (D:10)
  19 naga magi
  14 elephants (Lair:5)
  31 black mambas
  3 guardian serpents
  7 cane toads
  3 centaur skeletons (D:13)
  3 demonic crawlers (D:15)
  2 kobold demonologists
  2 dire elephant skeletons (Lair:5)
  A gargoyle (D:13)
  An unseen horror (D:11)
  2 freezing wraiths (D:14)
  3 komodo dragons
  4 rime drakes
  4 yaktaurs (D:15)
  2 efreet (D:15)
  A queen bee (Lair:2)
  7 trolls
  3 meliai (D:13)
  A polar bear (Lair:3)
  A tyrant leech (Swamp:1)
  7 blink frogs
  6 dream sheep (Lair:4)
  4 spectral elephants (Lair:5)
  A shadow (D:10)
  A culicivora (shapeshifter) (D:14)
  5 wraiths (D:15)
  4 wyverns
  11 slime creatures
  35 yaks
  Eustachio (D:3)
  3 hogs (D:15)
  3 steam dragons
  12 vampire mosquitoes
  Grum (D:8)
  A death yak simulacrum (Lair:5)
  3 basilisks
  A spectral cane toad (Lair:5)
  32 nagas
  A warg (Orc:2)
  2 acid dragons
  4 swamp worms (Lair:2)
  20 water moccasins
  4 black bears
  37 orc warriors
  2 ice beasts
  A sky beast (D:8)
  13 wolves
  2 elephant skeletons (Lair:5)
  10 centaurs
  4 ogres
  A phantom (D:7)
  4 kobold brigands
  14 bullfrogs
  Blork the orc (D:5)
  2 gnoll sergeants (D:10)
  2 scorpions
  2 cane toad simulacra (Lair:5)
  A water moccasin zombie (D:5)
  3 wights (D:7)
  30 killer bees
  2 electric eels
  2 howler monkeys
  A hound (D:4)
  4 jellies
  18 orc priests
  A scorpion zombie (D:5)
  Jessica (D:3)
  11 hell rats
  Terence (D:3)
  2 iguanas
  15 orc wizards
  A boggart skeleton (D:13)
  19 gnolls
  5 adders
  A shadow imp (D:7)
  A white imp (D:7)
  2 ufetubi
  4 worms
  2 dart slugs
  88 orcs
  9 bats
  4 endoplasms
  2 giant cockroaches (D:1)
  12 goblins
  16 hobgoblins
  4 ball pythons
  2 frilled lizards
  42 kobolds
  6 rats
845 creatures vanquished.

Vanquished Creatures (collateral kills)
  A salamander (Snake:3)
  2 naga magi
  A black mamba (Snake:1)
  A shadow (D:11)
  2 nagas (Snake:3)
  A warg (Orc:1)
  An ogre (Orc:2)
  A gnoll sergeant (D:11)
  2 gnolls (D:11)
12 creatures vanquished.

Vanquished Creatures (others)
  A nagaraja (Snake:4)
  An ugly thing (D:12)
  A naga (Snake:3)
  2 centaurs (D:13)
  2 foxfires (Swamp:1)
  32 fungi
  124 plants
  35 withered plants (Lair:5)
198 creatures vanquished.

Grand Total: 1055 creatures vanquished

Notes
Turn   | Place    | Note
-------+----------+-------------------------------------------
     0 | D:1      | Morbidden the Deep Elf Conjurer began the quest for the
                  | Orb.
     0 | D:1      | Reached XP level 1. HP: 10/10 MP: 6/6
   218 | D:1      | Reached XP level 2. HP: 15/15 MP: 6/8
   706 | D:1      | Reached XP level 3. HP: 3/19 MP: 4/9
   766 | D:1      | Learned a level 2 spell: Searing Ray
   838 | D:2      | Found a faded altar of an unknown god.
  1116 | D:2      | Reached skill level 5 in Conjurations
  1595 | D:2      | Reached XP level 4. HP: 24/24 MP: 7/11
  2026 | D:3      | Noticed Jessica
  2053 | D:3      | Reached skill level 4 in Spellcasting
  2150 | D:3      | Killed Jessica
  2151 | D:3      | Reached XP level 5. HP: 28/28 MP: 1/13
  2205 | D:3      | Noticed Terence
  2242 | D:3      | Noticed void236's ghost (amateur TrMo)
  2242 | D:3      | Found a runed translucent gate.
  2242 | D:3      | Found a runed translucent gate.
  2242 | D:3      | Found a runed translucent gate.
  2342 | D:3      | Reached skill level 1 in Short Blades
  2344 | D:3      | Reached skill level 1 in Armour
  2463 | D:3      | Found a snail-covered altar of Cheibriados.
  2469 | D:3      | Found a hide-covered altar of Uskayaw.
  2477 | D:3      | Became a worshipper of Cheibriados the Contemplative
  2480 | D:3      | Killed Terence
  3102 | D:4      | Found a hazy altar of Hepliaklqana.
  3193 | D:4      | Noticed Eustachio
  3512 | D:3      | Killed Eustachio
  3513 | D:3      | Reached skill level 1 in Fighting
  3513 | D:3      | Reached XP level 6. HP: 27/34 MP: 9/15
  3578 | D:4      | Reached skill level 5 in Spellcasting
  3584 | D:4      | Learned a level 4 spell: Iskenderun's Mystic Blast
  3763 | D:4      | Reached skill level 1 in Invocations
  4320 | D:5      | Entered Level 5 of the Dungeon
  4480 | D:5      | Reached XP level 7. HP: 38/38 MP: 9/17
  4600 | D:5      | Reached * piety under Cheibriados
  4742 | D:5      | Found a white marble altar of Elyvilon.
  4786 | D:5      | Noticed Blork the orc
  4793 | D:5      | Killed Blork the orc
  4975 | D:5      | Found a runed translucent door.
  4989 | D:5      | Reached skill level 1 in Translocations
  5197 | D:5      | Reached skill level 6 in Spellcasting
  5269 | D:5      | Learned a level 7 spell: Dragon Form
  5310 | D:5      | Found a basalt altar of Yredelemnul.
  5476 | D:5      | Found a sacrificial altar of Ru.
  5576 | D:5      | Reached XP level 8. HP: 41/44 MP: 10/19
  5651 | D:5      | Found a sparkling altar of Nemelex Xobeh.
  5764 | D:5      | Noticed MrZuerg's ghost (novice GrFE)
  5787 | D:6      | Found a shimmering blue altar of Sif Muna.
  5973 | D:6      | Reached skill level 1 in Transmutations
  6206 | D:6      | Reached skill level 7 in Spellcasting
  6521 | D:6      | Found a blossoming altar of Fedhas.
  6568 | D:7      | Reached ** piety under Cheibriados
  6965 | D:7      | Found a staircase to the Ecumenical Temple.
  7021 | D:7      | Reached skill level 5 in Dodging
  7351 | D:7      | Reached XP level 9. HP: 49/49 MP: 18/22
  7484 | D:8      | Noticed Grum
  7489 | D:8      | Reached skill level 8 in Spellcasting
  7491 | D:8      | Killed Grum
  7675 | D:8      | Noticed Gastronok
  7871 | D:8      | Reached skill level 1 in Evocations
  7873 | D:8      | Reached *** piety under Cheibriados
  8028 | D:9      | Noticed a troll
  8029 | D:9      | Reached skill level 9 in Spellcasting
  8033 | D:9      | Killed a troll
  8034 | D:9      | Reached XP level 10. HP: 17/55 MP: 3/25
  8051 | D:9      | Found a staircase to the Lair.
  8141 | D:9      | Found a flagged portal.
  8192 | Bailey   | Entered a bailey
  8538 | Bailey   | Reached **** piety under Cheibriados
  9470 | D:9      | Found a bloodstained altar of Trog.
 10409 | D:8      | Killed Gastronok
 10410 | D:8      | Reached skill level 10 in Spellcasting
 10508 | D:10     | Entered Level 10 of the Dungeon
 10508 | D:10     | Found Kiro Rigg's Weapon Shoppe.
 10510 | D:10     | Noticed Joseph
 10513 | D:10     | Bought a +1 long sword of flaming for 186 gold pieces
 10522 | D:10     | Killed Joseph
 10542 | D:10     | Reached ***** piety under Cheibriados
 10702 | D:10     | Found Uca Gixy's Weapon Emporium.
 10702 | D:10     | Found a staircase to the Orcish Mines.
 10757 | D:10     | Found a stormy altar of Qazlal.
 10778 | D:10     | Reached XP level 11. HP: 60/60 MP: 8/27
 10783 | D:10     | Noticed Harold
 10787 | D:10     | Gained mutation: You are partially covered in iridescent
                  | scales. (AC +2) [potion of mutation]
 10787 | D:10     | Gained mutation: Your system is resistant to poisons.
                  | (rPois) [potion of mutation]
 10808 | D:10     | Reached skill level 5 in Invocations
 10952 | D:10     | Found Cheibriados's Comfort Zone.
 10993 | D:10     | Found a snail-covered altar of Cheibriados.
 11005 | D:10     | Killed Harold
 11293 | D:10     | Found a broken altar of Ashenzari.
 11357 | D:10     | Found Zitidas's Island Escapes.
 11365 | D:10     | Bought a scroll of teleportation for 30 gold pieces
 11365 | D:10     | Bought a scroll of teleportation for 30 gold pieces
 11365 | D:10     | Bought a scroll of teleportation for 30 gold pieces
 11508 | D:10     | Found a shadowy altar of Dithmenos.
 11573 | Lair:1   | Entered Level 1 of the Lair of Beasts
 11737 | Lair:1   | Noticed a boulder beetle
 11752 | Lair:1   | Killed a boulder beetle
 11753 | Lair:1   | Reached skill level 5 in Transmutations
 11962 | Lair:1   | Reached skill level 11 in Spellcasting
 11962 | Lair:1   | Reached skill level 10 in Conjurations
 11965 | Lair:1   | Reached skill level 1 in Shields
 12473 | Lair:1   | Reached skill level 5 in Translocations
 12677 | Lair:2   | Reached skill level 1 in Throwing
 12742 | Lair:2   | Noticed a four-headed hydra
 12751 | Lair:2   | Killed a four-headed hydra
 12761 | Lair:2   | Reached skill level 5 in Short Blades
 13007 | Lair:2   | Reached ****** piety under Cheibriados
 13015 | Lair:2   | Reached XP level 12. HP: 67/67 MP: 5/29
 13207 | Lair:2   | Noticed a five-headed hydra
 13207 | Lair:2   | Noticed a six-headed hydra
 13214 | Lair:2   | Killed a six-headed hydra
 13215 | Lair:2   | Killed a five-headed hydra
 13411 | Lair:2   | Reached skill level 5 in Armour
 13517 | Lair:2   | Found a staircase to the Swamp.
 13847 | Lair:2   | Reached skill level 12 in Spellcasting
 14410 | Swamp:1  | Entered Level 1 of the Swamp
 14410 | Swamp:1  | Noticed a seven-headed hydra
 14410 | Swamp:1  | Noticed an alligator
 14410 | Swamp:1  | Noticed an alligator
 14415 | Swamp:1  | Killed an alligator
 14532 | Lair:3   | Noticed a five-headed hydra
 14541 | Lair:3   | Killed a five-headed hydra
 14985 | Lair:3   | Found a staircase to the Snake Pit.
 14997 | Lair:3   | Reached skill level 5 in Fighting
 15330 | Lair:3   | Identified the +6 falchion of Rubbish {pain, Fly Str-5
                  | Stlth+}
 15443 | Lair:3   | Reached skill level 5 in Evocations
 16409 | Lair:3   | Learned a level 3 spell: Call Canine Familiar
 16500 | Lair:4   | Reached XP level 13. HP: 31/72 MP: 19/31
 17298 | Lair:4   | Identified the +1 leather armour of Oblivion {Harm rN++
                  | Str-2}
 17501 | Lair:4   | Reached skill level 1 in Summonings
 17862 | Lair:4   | Found a staircase to the Slime Pits.
 17863 | Lair:4   | Found a viscous altar of Jiyva.
 17939 | Lair:5   | Entered Level 5 of the Lair of Beasts
 18257 | Lair:5   | Noticed a dire elephant
 18283 | Lair:5   | Reached skill level 13 in Spellcasting
 18286 | Lair:5   | Noticed a dire elephant
 18301 | Lair:5   | Killed a dire elephant
 20062 | Lair:5   | Killed a dire elephant
 20348 | Lair:5   | Identified the amulet "Qedduzurgh" {Reflect rElec rPois rF-
                  | Str+2 SH+5}
 20636 | D:11     | Reached XP level 14. HP: 61/79 MP: 24/33
 21573 | D:12     | Found Gorur's Distillery.
 21880 | D:12     | Reached skill level 14 in Spellcasting
 21966 | D:12     | Bought a potion of heal wounds for 65 gold pieces
 21966 | D:12     | Bought a potion of magic for 104 gold pieces
 21966 | D:12     | Bought a potion of magic for 104 gold pieces
 21973 | D:12     | Identified the +5 morningstar "Nyufut" {protect, rElec}
 22886 | D:13     | Identified the +9 whip of Risk Management {freeze, +Blink
                  | rN+ Int-4}
 23616 | D:13     | Found a gate to the Vaults.
 23626 | D:13     | Learned a level 8 spell: Ignition
 24341 | D:15     | Entered Level 15 of the Dungeon
 24367 | D:15     | Reached skill level 5 in Summonings
 24367 | D:15     | Reached skill level 1 in Fire Magic
 24367 | D:15     | Noticed Josephine
 24377 | D:15     | Killed Josephine
 24636 | D:15     | Noticed Kirke
 24651 | D:15     | Reached XP level 15. HP: 84/84 MP: 33/35
 24656 | D:15     | Killed Kirke
 24657 | D:15     | Reached skill level 5 in Shields
 24778 | D:15     | Found a staircase to the Depths.
 25296 | D:15     | Reached skill level 15 in Spellcasting
 25530 | D:15     | Found Gouham's Weapon Shoppe.
 26270 | Orc:1    | Entered Level 1 of the Orcish Mines
 26365 | Orc:1    | Found Hozugis's General Store.
 26373 | Orc:1    | Bought 3 curare-tipped darts for 43 gold pieces
 26776 | Orc:2    | Entered Level 2 of the Orcish Mines
 27262 | Orc:2    | Found a staircase to the Elven Halls.
 27387 | Orc:2    | Noticed Urug
 27396 | Orc:2    | Killed Urug
 27700 | Orc:2    | Found Fyapt's Antique Weapon Shoppe.
 27702 | Orc:2    | Found Gal Vonk's Antique Armour Emporium.
 27812 | Orc:2    | Found Sithre's Book Boutique.
 27860 | Orc:2    | Bought a book of Lightning for 578 gold pieces
 27866 | Orc:2    | Learned a level 5 spell: Arcjolt
 27873 | Orc:2    | Learned a level 6 spell: Plasma Beam
 28363 | Orc:2    | Found Puloumer's Weapon Boutique.
 28853 | Snake:1  | Entered Level 1 of the Snake Pit
 28878 | Snake:1  | Reached skill level 10 in Dodging
 29054 | Snake:1  | Found Doagae's Book Emporium.
 29055 | Snake:1  | Found Addatitiy's Jewellery Boutique.
 29062 | Snake:1  | Found Seaga's Book Emporium.
 29074 | Snake:1  | Bought a book of Storms for 390 gold pieces
 29079 | Snake:1  | Learned a level 4 spell: Airstrike
 29278 | Snake:1  | Reached skill level 1 in Unarmed Combat
 29349 | Snake:1  | Identified a scroll of acquirement
 29349 | Snake:1  | Acquired 964 gold pieces
 29554 | Snake:1  | Bought the ring of the Hare {EV+10} for 2048 gold pieces
 29554 | Snake:1  | Found the ring of the Hare {EV+10}
 30170 | Snake:1  | Noticed Asterion
 30177 | Snake:1  | Reached skill level 1 in Air Magic
 30183 | Snake:1  | Killed Asterion
 30531 | Snake:1  | Noticed Jorgrun
 30531 | Snake:1  | You are sucked into a shaft and drop 1 floor!
 30534 | Snake:2  | Noticed Louise
 30543 | Snake:2  | Noticed Vashnia
 30545 | Snake:2  | Killed Louise
 30887 | Snake:2  | Reached skill level 16 in Spellcasting
 30894 | Snake:2  | Reached XP level 16. HP: 66/90 MP: 23/38
 30904 | Snake:2  | Found Geijudghi's Antique Armour Boutique.
 30904 | Snake:2  | Noticed Frances
 31440 | Snake:2  | Killed Frances
 31631 | Snake:2  | Killed Vashnia
 31775 | Snake:2  | Identified the +1 chain mail of Unaptynt {Str+7}
 31890 | Snake:2  | Noticed Aizul
 31902 | Snake:2  | Killed Aizul
 32227 | Snake:3  | Noticed Nikola
 32378 | Snake:3  | Killed Nikola
 33369 | Snake:3  | Found a runed translucent door.
 33376 | Snake:3  | Noticed Xyfof's ghost (adept DsWn)
 34357 | Snake:4  | Entered Level 4 of the Snake Pit
 34394 | Snake:4  | Reached skill level 5 in Fire Magic
 34667 | Snake:4  | Identified the +4 ring mail of the Albatross {rElec rPois
                  | rF-}
 35083 | Snake:4  | Reached skill level 17 in Spellcasting
 35093 | Snake:4  | Reached XP level 17. HP: 89/96 MP: 27/40
 35314 | Snake:4  | Noticed a quicksilver dragon
 35430 | Snake:4  | Noticed a quicksilver dragon
 35436 | Snake:4  | Killed a quicksilver dragon
 35441 | Snake:4  | Killed a quicksilver dragon
 35836 | Snake:4  | Got a serpentine rune of Zot
 36854 | Swamp:1  | Mangled by a spriggan rider

Illustrated notes

Levels and vault maps discovered:
D:1:      dpeg_arrival_simpleton_a, layout_rooms
D:2:      layout_basic, shapermc_ecumenical_altar_gd, minmay_misc_feat_tower,
          hangedman_decor_riveting, st_stairs_10, guppyfry_early_orc_mine
D:3:      layout_loops_ring, mainiacjoe_overflow_large_starburst,
          gammafunk_ghost_nasty_kobolds, uniq_jessica, uniq_terence
D:4:      layout_basic, nicolae_hepliaklqana_hazy_memory, uniq_eustachio
D:5:      layout_loops_corners, lemuel_zombie_altar_yredelemnul,
          mainiacjoe_overflow_alcove_4, lemuel_coloured_pillars_altar,
          elyvilon_altar_4, ebering_ghost_sewer_d, uniq_blork_the_orc
D:6:      layout_rooms, mainiacjoe_overflow_six_doors_small,
          mainiacjoe_overflow_catwalk
D:7:      layout_rooms, minmay_temple_entry_statues
D:8:      layout_basic, uniq_grum, uniq_gastronok
D:9:      kennysheep_kobold_camp, layout_basic, trog_hazing_becter,
          lair_entry_dummy, enter_bailey_2
D:10:     layout_long_grid, marbit_many_paths, kennysheep_mini,
          grunt_qazlal_clouds, orc_david_3, roderic_filled_cross,
          minmay_shop_chei, nicolae_stop_n_shop_1, nicolae_island_escapes,
          uniq_joseph, uniq_harold
D:11:     layout_roguey, serial_co_window_serial, co_window_paths_b,
          co_window_corner_a, co_window_paths_b, co_window_corner_a,
          co_window_paths_b, co_window_paths_a, co_window_of_opportunity_a,
          co_window_cross_4, co_window_broadway_c, co_window_cross_3,
          co_window_unsneaky_path_d, co_window_4corner_a, glass_columns_a,
          glass_columns_a, glass_columns_a, glass_columns_b
D:12:     layout_rooms, serial_shops, shop
D:13:     layout_cave_pools, hangedman_vaults_entry_quadrant_bands
D:14:     layout_cave_pools, minmay_holes
D:15:     grunt_enter_depths_snipers, layout_grid_maze, serial_shops,
          shop_statue, chequers_serial_rivers_micro_c,
          einodemon_crawler_minivault, uniq_kirke, uniq_josephine
Lair:1:   layout_chaotic_city
Lair:2:   layout_long_grid, nicolae_swamp_entry_splash_gauntlet, special_room
          [special_room_bee], hangedman_lair_generics_rect
Lair:3:   layout_regular_city, minmay_snake_entry_six_corridors,
          serial_bayou_shore_a, grunt_megastairs_2
Lair:4:   layout_cave_pods, slime_entry_1, grunt_megastairs_1
Lair:5:   due_jungle_book, layout_big_grid
Swamp:1:  nicolae_swamp_ascending_descending_big, layout_basic_swamp,
          evilmike_swamp_ruin_house_1
Snake:1:  layout_rooms, nicolae_integral_box, minmay_shop_grove,
          serial_bayou_shore_b, uniq_jorgrun, uniq_asterion
Snake:2:  layout_basic, serial_shops, shop, grunt_ministairs_11,
          serial_bayou_pond_c, uniq_frances, uniq_vashnia, uniq_louise,
          uniq_aizul
Snake:3:  layout_grid_shapes, ebering_ghost_inner_flame, uniq_nikola
Snake:4:  hellmonk_snake_rune_quicksilver_temple, layout_basic
Orc:1:    layout_caves, serial_shops, nicolae_diamond_shop
Orc:2:    grunt_orc_community_town_hall, layout_diamond_mine,
          grunt_orc_community_big_house_2, grunt_orc_community_big_house_2,
          grunt_orc_community_house_1, grunt_orc_community_house_3,
          grunt_orc_community_house_3, grunt_orc_community_house_1,
          grunt_orc_community_house_3, grunt_orc_community_house_1, uniq_urug

Skill      XL: |  1  2  3  4  5  6  7  8  9 10 11 12 13 14 15 16 17 |
---------------+----------------------------------------------------+-----
Conjurations   | 5 6 7 8 9 10 11 12 13 | 13.6
Dodging        | 3 4 5 6 7 8 9 10 11 | 11.0
Spellcasting   | 4 5 6 7 9 10 11 12 13 14 16 17 | 17.2
Short Blades   | 1 2 3 4 5 6 7 |  7.4
Armour         | 1 2 3 4 5 6 7 |  7.8
Fighting       | 1 2 3 4 5 6 7 |  7.4
Invocations    | 1 2 3 4 6 7 8 9 |  9.6
Translocations | 1 2 3 4 5 6 7 8 9 |  9.4
Stealth        | 3 4 |  4.5
Transmutations | 1 3 4 5 6 7 8 9 |  9.0
Evocations     | 1 3 4 5 6 7 |  7.9
Shields        | 2 3 4 5 6 |  6.2
Throwing       | 1 |  1.5
Summonings     | 2 5 7 8 9 |  9.0
Fire Magic     | 1 3 5 |  5.5
Unarmed Combat | 2 3 |  3.5
Air Magic      | 1 3 |  3.8
Long Blades    | |  0.9

Action                     |  1- 3 |  4- 6 |  7- 9 | 10-12 | 13-15 | 16-18 || total
---------------------------+-------+-------+-------+-------+-------+-------++-------
  Melee: Short sword       |     3 |    19 |    16 |   239 |   358 |       ||   635
         Punch             |       |       |       |     7 |     9 |       ||    16
         Scimitar          |       |       |       |       |    15 |    46 ||    61
         Rapier            |       |       |       |       |       |   107 ||   107
  Throw: Boomerang         |       |       |       |     3 |       |       ||     3
         Dart              |       |       |       |     1 |    41 |     2 ||    44
   Cast: Magic Dart        |    68 |   100 |    90 |   157 |   147 |       ||   562
         Searing Ray       |     3 |    11 |    39 |    38 |    47 |       ||   138
         Iskenderun's Myst |       |       |    23 |   140 |   349 |    85 ||   597
         Call Canine Famil |       |       |       |     1 |    12 |       ||    13
         Airstrike         |       |       |       |       |    61 |   201 ||   262
         Arcjolt           |       |       |       |       |    21 |    11 ||    32
 Invoke: Slouch            |       |       |       |     3 |    14 |     3 ||    20
  Evoke: Wand              |       |       |     1 |     7 |     8 |       ||    16
         Phantom mirror    |       |       |       |       |     2 |       ||     2
         Lightning rod     |       |       |       |       |     2 |     3 ||     5
         Box of beasts     |       |       |       |       |     1 |     2 ||     3
    Use: Potion            |     1 |       |     2 |     3 |     2 |     4 ||    12
         Scroll            |       |     1 |     7 |     5 |    18 |     6 ||    37
   Stab: Sleeping          |       |       |       |     2 |    11 |       ||    13
         Distracted        |       |       |       |       |       |     1 ||     1
 Armour: Robe              |     1 |       |       |       |       |       ||     1
         Leather armour    |       |    14 |    23 |       |       |       ||    37
         Troll leather arm |       |       |       |    68 |   141 |    39 ||   248
  Dodge: Dodged            |     2 |    22 |    61 |   303 |   447 |   233 ||  1068
  Block: Other             |       |       |       |       |    49 |       ||    49
         Reflection        |       |       |       |       |    58 |    60 ||   118
         Kite shield       |       |       |       |       |   293 |   253 ||   546

Table legend: (Time is in decaauts)
 A = Elapsed time spent in this place.
 B = Non-inter-level travel time spent in this place.
 C = Inter-level travel time spent in this place.
 D = Time resting spent in this place.
 E = Time spent auto-exploring this place.
 F = Levels seen in this place.
 G = Mean time per level.
                   A        B        C        D        E       F      G
               +--------+--------+--------+--------+--------+-----+--------+
         Total |  49441 |  46132 |   3309 |   5482 |  34446 |  28 | 1765.8 |
       Dungeon |  21695 |  20053 |   1642 |   1374 |  15780 |  15 | 1446.3 |
          Lair |  12986 |  12064 |    922 |   1775 |   8939 |   5 | 2597.2 |
         Swamp |     11 |     11 |      0 |      0 |      0 |   1 |   11.0 |
     Snake Pit |  10234 |   9826 |    408 |   1937 |   6528 |   4 | 2558.5 |
  Orcish Mines |   3523 |   3188 |    335 |    272 |   2439 |   2 | 1761.5 |
        Bailey |    990 |    990 |      0 |    124 |    758 |   1 |  990.0 |
               +--------+--------+--------+--------+--------+-----+--------+

Top non-repeatable levels by time:
  Lair:5: 3202 daAuts
 Snake:4: 3133 daAuts
 Snake:2: 3022 daAuts
  Lair:2: 2943 daAuts
  Lair:3: 2855 daAuts
  Lair:4: 2422 daAuts
    D:15: 2323 daAuts
   Orc:2: 2165 daAuts
    D:11: 2150 daAuts
 Snake:1: 2055 daAuts
 Snake:3: 2023 daAuts
    D:13: 1889 daAuts
     D:5: 1783 daAuts
     D:9: 1724 daAuts
    D:10: 1650 daAuts
